 Dungeon Crawl Stone Soup version 0.19-a0-450-g98b348d (webtiles) character file.

69 epen the Chiller (level 4, -7/32 HPs)
             Began as a Demonspawn Ice Elementalist on June 1, 2016.
             Killed from afar by an orc wizard (11 damage)
             ... with a puff of flame
             ... on level 4 of the Dungeon.
             The game lasted 00:03:19 (2576 turns).

epen the Chiller (Demonspawn Ice Elementalist)      Turns: 2576, Time: 00:03:20

Health: -7/32      AC:  7    Str:  8    XL:     4   Next: 2%
Magic:  0/7        EV: 13    Int: 18    God:
Gold:   141        SH:  0    Dex: 16    Spells: 3 memorised, 1 level left

rFire  . . .     SeeInvis .     f - +2 short sword (protect)
rCold  . . .     Gourm    .     a - +0 robe
rNeg   . . .     Faith    .     (no shield)
rPois  .         Spirit   +     (no helmet)
rElec  .         Dismiss  .     (no cloak)
rCorr  .         Reflect  .     (no gloves)
SustAt .         Harm     .     (no boots)
MR     .....                    (no amulet)
Stlth  +++.......               u - ring of stealth
                                m - +3 ring of dexterity

@: not resistant to hostile enchantments, fairly stealthy
A: powered by death 1, magic shield
a: no special abilities


You were on level 4 of the Dungeon.
You were hungry.

You visited 1 branch of the dungeon, and saw 4 of its levels.

You collected 141 gold pieces.

Inventory:

Hand Weapons
 f - a +2 short sword of protection (weapon)
Armour
 a - a +0 robe (worn)
Jewellery
 m - a +3 ring of dexterity (left hand)
 u - a ring of stealth (right hand)
Scrolls
 e - 3 scrolls of remove curse {unknown}
 h - 3 scrolls of enchant weapon {unknown}
 i - a scroll of enchant armour {unknown}
 j - 3 scrolls of identify {unknown}
 n - 3 scrolls of recharging {unknown}
 o - a scroll of teleportation {unknown}
 q - a scroll of fear {unknown}
 v - 3 scrolls of fog {unknown}
Potions
 g - 2 potions of lignification {unknown}
 l - a potion of ambrosia {unknown}
 s - a potion of might {unknown}
 t - a potion of flight {unknown}
 w - a potion of brilliance {unknown}
Books
 b - a book of Frost

   Spells                             Type                      Level
   a - Freeze                         Ice                          1
   b - Throw Frost                    Conjuration/Ice              2
   c - Ozocubu's Armour               Charms/Ice                   3
   d - Throw Icicle                   Conjuration/Ice              4
   e - Summon Ice Beast               Ice/Summoning                4
Comestibles
 c - 5 bread rations
 d - 2 slices of pizza
 k - 2 meat rations
 p - a royal jelly
 r - a beef jerky


   Skills:
 + Level 1.1 Fighting
 + Level 0.0 Short Blades
 + Level 2.7 Dodging
 - Level 1.7 Stealth
 + Level 2.4 Spellcasting
 - Level 1.0 Conjurations
 * Level 3.3 Ice Magic


You had one spell level left.
You knew the following spells:

 Your Spells              Type           Power        Failure   Level  Hunger
a - Freeze                Ice            ##..         6%          1    #......
b - Throw Frost           Conj/Ice       ##....       12%         2    ##.....
c - Ozocubu's Armour      Chrm/Ice       #.......     30%         3    ###....


Dungeon Overview and Level Annotations

Branches:
Dungeon (4/15)
 Temple: D:4-7

Altars:

Annotations:
D:3 simok's ghost, novice DsAK


Innate Abilities, Weirdness & Mutations

You regenerate a little health from kills.
When hurt, damage is shared between your health and your magic reserves.


Message History

The orc closely misses you.
You hit the orc.
You kill the orc!
You have reached level 4!
You feel clever.
Your demonic ancestry asserts itself...
You feel your magical essence form a protective shroud around your flesh.
You closely miss something. Something hits you but does no damage.
You miss something. Something hits you.
* * * LOW HITPOINT WARNING * * *
Casting: Freeze
Confirm with . or Enter, or press ? or * to list all spells.
Aiming: Freeze
Press: ? - help, Shift-Dir - straight line You freeze something.
Something hits you but does no damage.
You hear some strange, mumbled words.
Something tries to affect you, but you resist.
The orc throws a tomahawk.
A puff of flame appears from out of thin air!
The puff of flame hits you!
You die...

#.#>. .#.### ....
###.## #######....#
#..o....#(.####
#o#######...o.#
#o(...#.....#.###.###
#######@#.#(....ooo...$
#<......#.......#......
############.#### .$...
#.# .... +.# ... ##! ..
.


You could see 2 orcs.

Vanquished Creatures
  2 adders (D:3)
  A worm (D:2)
  3 dart slugs
  An orc (D:4)
  5 bats
  4 goblins
  10 hobgoblins
  A ball python (D:1)
  2 giant newts (D:1)
  3 kobolds
  10 rats
42 creatures vanquished.

Notes
Turn   | Place    | Note
--------------------------------------------------------------
     0 | D:1      | epen the Demonspawn Ice Elementalist began the quest for the Orb.
     0 | D:1      | Reached XP level 1. HP: 13/13 MP: 3/3
   367 | D:1      | Gained mutation: You regenerate a little health from kills. [demonic ancestry]
   367 | D:1      | Reached XP level 2. HP: 20/20 MP: 5/5
   592 | D:1      | Reached skill level 1 in Fighting
  1101 | D:2      | Reached skill level 3 in Ice Magic
  1181 | D:2      | Reached XP level 3. HP: 26/26 MP: 6/6
  1185 | D:2      | Learned a level 2 spell: Throw Frost
  1189 | D:2      | Learned a level 3 spell: Ozocubu's Armour
  1959 | D:3      | Noticed simok's ghost (novice DsAK)
  2571 | D:4      | Gained mutation: When hurt, damage is shared between your health and your magic reserves. [demonic ancestry]
  2571 | D:4      | Reached XP level 4. HP: 4/32 MP: 0/7
  2576 | D:4      | Killed from afar by an orc wizard

Vault maps used:
D:1:      mushboom_english_gardens
D:2:      first_bread
D:4:      uniq_edmund

Skill      XL: |  1  2 |
---------------+-------+-----
Dodging        | 2 |  2.7
Fighting       | 1 |  1.1
Ice Magic      | 3 |  3.3
Stealth        | |  1.7
Spellcasting   | |  2.4
Conjurations   | |  1.0

Action                   |  1- 3 |  4- 6 || total
-------------------------+-------+-------++-------
Melee: Unarmed           |     6 |       ||     6
       Short sword       |   119 |     2 ||   121
 Cast: Freeze            |    22 |     1 ||    23
       Ozocubu's Armour  |     3 |       ||     3
 Stab: Sleeping          |     3 |       ||     3
  Eat: Chunk             |     5 |       ||     5
Armor: Robe              |    52 |     1 ||    53
Dodge: Dodged            |    85 |       ||    85
